 Dungeon Crawl Stone Soup version 0.32-a0-960-g3814254bd7 (webtiles) character file.

Game seed: 8979817606866454874

11827 tilp the Jinx (level 11, -2/87 HPs)
             Began as a Vampire Enchanter on Apr 17, 2024.
             Was an Elder of Wu Jian.
             Slain by a gargoyle
             ... wielding a +0 morningstar
              (8 damage)
             ... on level 12 of the Dungeon.
             The game lasted 00:22:17 (11790 turns).

tilp the Jinx (Vampire Enchanter)                  Turns: 11790, Time: 00:22:17

Health: -2/87      AC:  9    Str: 13    XL:     11   Next: 54%
Magic:  17/20      EV: 14    Int: 22    God:    Wu Jian [****..]
Gold:   780        SH:  0    Dex: 21    Spells: 11/22 levels left

rFire   . . .        a - +2 dagger (elec)
rCold   . . .        (no shield)
rNeg    . . .        e - +1 leather armour
rPois   .            M - +1 helmet
rElec   .            (no cloak)
rCorr   .            w - +1 pair of gloves
SInv    +            C - +0 pair of boots
Will    +....        (no amulet)
Stlth   +++++        s - +6 ring of dexterity
HPRegen 0.54/turn    j - +6 ring of strength
MPRegen 0.17/turn

%: no passive effects
@: healing quickly
A: alive, fangs 3, see invisible, vampiric 2
a: Exsanguinate, Renounce Religion, Wall Jump, Serpent's Lash


You were on level 12 of the Dungeon.
You worshipped Wu Jian.
Wu Jian was greatly pleased with you.
You visited 1 branch of the dungeon, and saw 12 of its levels.

You collected 780 gold pieces.

Inventory:

Hand Weapons
 a - a +2 dagger of electrocution (weapon)
 b - a +3 scimitar
 F - a +1 dagger
 J - a +5 falchion
Missiles
 f - 14 poisoned darts (quivered)
 q - 4 curare-tipped darts {!f}
 A - 2 throwing nets {!f}
 H - 9 boomerangs
 N - 3 javelins
Armour
 e - a +1 leather armour (worn)
 t - the +0 hat "Jilik" {Dex+3 SInv}
   (You found it on level 7 of the Dungeon)

   Dex+3:     It affects your dexterity (+3).
   SInv:      It lets you see invisible.
 w - a +1 pair of gloves (worn)
 C - a +0 pair of boots (worn)
 M - a +1 helmet (worn)
 P - the +0 scale mail of Sif Muna's Favour {rElec rPois Str+4}
   (You found it on level 12 of the Dungeon)

   Str+4:     It affects your strength (+4).
   rElec:     It insulates you from electricity.
   rPois:     It protects you from poison.
Jewellery
 j - a +6 ring of strength (right hand)
 k - a ring of protection from cold
 s - a +6 ring of dexterity (left hand)
 x - a ring of positive energy
Wands
 m - a wand of flame (28)
 y - a wand of light (5)
 B - a wand of paralysis (11)
 D - a wand of mindburst (6)
Scrolls
 i - a scroll of vulnerability
 n - a scroll of fog
 p - 5 scrolls of teleportation
 v - 2 scrolls of identify
 G - 2 scrolls of silence
 I - a scroll of torment
 L - a scroll of revelation
Potions
 c - 2 potions of invisibility
 d - 6 potions of might
 g - 2 potions of curing
 h - a potion of lignification
 l - a potion of berserk rage
 o - 2 potions of attraction
 r - 2 potions of haste
 u - 2 potions of heal wounds
 z - 3 potions of resistance
 E - 2 potions of enlightenment
 K - a potion of cancellation


   Skills:
 * Level 8.7 Fighting
 - Level 3.3(5.8) Short Blades
 + Level 6.7(7.0) Long Blades
 - Level 6.0 Dodging
 + Level 11.3 Stealth
 + Level 6.4 Spellcasting
 - Level 12.0 Hexes
 - Level 4.0 Evocations


You had 11 spell levels left.
You knew the following spells:

 Your Spells              Type           Power      Damage    Failure   Level
a - Ensorcelled Hibernat  Hex/Ice        66%        N/A       1%          2
b - Confusing Touch       Hex            56%        N/A       1%          3
c - Tukima's Dance        Hex            56%        N/A       1%          3
d - Dazzling Flash        Conj/Hex       66%        N/A       2%          3

Your spell library contained the following spells:

 Spells                   Type           Power      Damage    Failure   Level
 Inner Flame              Hex/Fire       33%        N/A       2%          3
 Cigotuvi's Dreadful Rot  Necr/Alch/Air  14%        N/A       17%         2
 Static Discharge         Conj/Air       14%        3-4/arc   17%         2
 Metabolic Englaciation   Hex/Ice        16%        N/A       26%         5
 Frozen Ramparts          Ice            14%        1d3       32%         3
 Ozocubu's Armour         Ice            7%         N/A       32%         3
 Airstrike                Air            3%         2d(1-17)  73%         4
 Dispel Undead            Necr           7%         3d8       73%         4
 Flame Wave               Conj/Fire      7%         2d5       73%         4
 Martyr's Knell           Necr/Summ      7%         N/A       73%         4
 Sticky Flame             Fire/Alch      7%         2d4       73%         4
 Summon Lightning Spire   Summ/Air       7%         N/A       73%         4


Dungeon Overview and Level Annotations

Branches:
Dungeon (12/15)            Temple (0/1) D:7            Lair (0/5) D:8
    Orc (0/2) D:9

Altars:
Gozag
Kikubaaqudgha
Makhleb
Qazlal
Wu Jian
Xom

Shops:
D:9 (:


Innate Abilities, Weirdness & Mutations

Your natural rate of healing is accelerated.
You have razor-sharp teeth.
You have supernaturally acute eyesight. (SInv)
You are afflicted with vampirism and can become a bat while bloodless.


Message History

The Council accepts your kill.
Unknown command.
Magic restored.
Casting: Ensorcelled Hibernation (safe; 1% risk of failure)
Confirm with . or Enter, or press ? or * to list all spells.
Your hands begin to glow red.
You start resting.
A manticore is nearby!
The gargoyle hurls a stone arrow at you.
The stone arrow hits you!!
The gargoyle hurls a stone arrow at you.
The stone arrow misses you.
Found 20 gold pieces.
Your hands stop glowing.
You hit the gargoyle but do no damage.
The gargoyle hits you with a +0 morningstar!
You hit the gargoyle but do no damage.
The gargoyle hits you with a +0 morningstar!
You hit the gargoyle but do no damage. You hit the gargoyle but do no damage.
Your bite misses the gargoyle. The gargoyle misses you.
Casting: Confusing Touch (safe; 1% risk of failure)
Confirm with . or Enter, or press ? or * to list all spells.
Your hands begin to glow red.
The gargoyle hits you with a +0 morningstar!
* * * LOW HITPOINT WARNING * * *
You hit the gargoyle but do no damage.
The gargoyle appears confused.
You lunge at the gargoyle.
You barely miss the gargoyle.
The gargoyle hits you with a +0 morningstar!
* * * LOW HITPOINT WARNING * * *
You hit the gargoyle but do no damage.
The gargoyle hits you with a +0 morningstar!
* * * LOW HITPOINT WARNING * * *
You catch the helpless gargoyle completely off-guard!
You impale the gargoyle!!
The gargoyle is almost destroyed.
You hit the gargoyle but do no damage.
The gargoyle is almost destroyed.
The gargoyle hits you with a +0 morningstar!
You die...

#. ..H #. .. # #C#
#$ .### #.# ##.# #.
..###.## ##..# ##.
#.##...####...# #..
###.#...........#
#..
#........##D.###.
#..####9....#.##..##
.
#.....@..........##
# #.#####.....##..##
# #.....###.)## ##
###.### ##))## #.
#.# ##.)[###. #.#
#....[..# #.#
#.......# #.#
#.......#
#.######......#


You could see a gargoyle (confused).

Vanquished Creatures
  2 two-headed ogres
  A boulder beetle (D:12)
  A cyclops (D:12)
  A manticore (D:11)
  A guardian serpent (D:11)
  An unseen horror (D:11)
  A komodo dragon (D:11)
  2 trolls
  Grinder (D:3)
  2 vampires (D:11)
  Sigmund (D:3)
  A wraith (D:10)
  6 yaks (D:9)
  2 wyverns
  2 shadows (D:10)
  The ghost of Konar the Shooter, an amateur CoHu (D:4)
  4 vampire mosquitoes (D:11)
  3 steam dragons
  2 acid dragons (D:12)
  A water moccasin (D:5)
  2 ice beasts
  2 orc warriors
  A black bear (D:5)
  2 ogres
  2 wolves (D:8)
  A centaur (D:10)
  A phantom (D:5)
  5 bullfrogs
  A scorpion (D:5)
  10 wights
  12 killer bees (D:9)
  2 howler monkeys
  3 hounds
  3 jellies
  3 bombardier beetles
  A gnoll bouda (D:7)
  11 orc priests
  A sleepcap (D:5)
  Jessica (D:3)
  10 orc wizards
  5 gnolls
  12 adders
  A shadow imp (D:7)
  3 white imps
  4 ufetubi
  A dart slug (D:1)
  2 ribbon worms
  51 orcs
  4 bats
  6 endoplasms
  8 giant cockroaches
  14 goblins
  5 hobgoblins
  4 jackals (D:1)
  6 quokkas
  7 ball pythons
  2 frilled lizards (D:1)
  8 kobolds
  3 rats
256 creatures vanquished.

Vanquished Creatures (collateral kills)
  3 orc warriors
  An ogre (D:8)
  8 wights
  3 orcs (D:12)
15 creatures vanquished.

Vanquished Creatures (others)
  2 dancing weapons (D:8)
2 creatures vanquished.

Grand Total: 273 creatures vanquished

Notes
Turn   | Place    | Note
-------+----------+-------------------------------------------
     0 | D:1      | tilp the Vampire Enchanter began the quest for the Orb.
     0 | D:1      | Reached XP level 1. HP: 13/13 MP: 3/3
   137 | D:1      | Reached XP level 2. HP: 20/20 MP: 5/5
   209 | D:1      | Learned a level 2 spell: Ensorcelled Hibernation
   433 | D:1      | Reached skill level 5 in Hexes
   440 | D:1      | Gained mutation: You are afflicted with vampirism and can
                  | become a bat while bloodless. [Vampire growth]
   440 | D:1      | Reached XP level 3. HP: 19/25 MP: 6/6
   451 | D:1      | Learned a level 3 spell: Confusing Touch
   532 | D:1      | Reached skill level 1 in Fighting
  1062 | D:2      | Reached skill level 5 in Stealth
  1062 | D:2      | Reached XP level 4. HP: 30/32 MP: 4/7
  1562 | D:3      | Noticed Sigmund
  1605 | D:3      | Reached skill level 1 in Long Blades
  1725 | D:3      | Noticed Jessica
  1760 | D:3      | Killed Jessica
  1811 | D:3      | Reached XP level 5. HP: 38/38 MP: 5/8
  1853 | D:3      | Learned a level 3 spell: Tukima's Dance
  1866 | D:3      | Noticed Grinder
  2102 | D:4      | Found an ornate altar of the Wu Jian Council.
  2102 | D:4      | Found an opulent altar of Gozag.
  2147 | D:4      | Became a worshipper of the Wu Jian Council
  2477 | D:4      | Noticed a steam dragon
  2627 | D:4      | Killed a steam dragon
  2628 | D:4      | Reached skill level 6 in Hexes
  2628 | D:4      | Reached XP level 6. HP: 46/46 MP: 4/10
  2683 | D:4      | Found a runed translucent door.
  2685 | D:4      | Noticed Konar's ghost (amateur CoHu)
  2888 | D:4      | Killed Konar's ghost
  2888 | D:4      | Reached * piety under Wu Jian
  2889 | D:4      | Reached XP level 7. HP: 34/51 MP: 6/11
  2973 | D:5      | Entered Level 5 of the Dungeon
  3005 | D:5      | Reached skill level 7 in Hexes
  3359 | D:5      | Reached XP level 8. HP: 60/60 MP: 6/13
  3606 | D:5      | Reached skill level 8 in Hexes
  4466 | D:6      | Learned a level 3 spell: Dazzling Flash
  4615 | D:6      | Reached skill level 1 in Evocations
  5232 | D:6      | Reached skill level 9 in Hexes
  5536 | D:6      | Found a burning altar of Makhleb.
  5536 | D:6      | Found an ancient bone altar of Kikubaaqudgha.
  5708 | D:3      | Killed Grinder
  5709 | D:3      | Reached XP level 9. HP: 56/67 MP: 15/15
  5932 | D:3      | Killed Sigmund
  5933 | D:3      | Reached skill level 5 in Fighting
  6118 | D:7      | Identified the +0 hat "Jilik" {Dex+3 SInv}
  6439 | D:7      | Reached ** piety under Wu Jian
  6560 | D:7      | Reached skill level 5 in Dodging
  6766 | D:7      | Found a staircase to the Ecumenical Temple.
  7041 | D:8      | Noticed a two-headed ogre
  7042 | D:8      | Upgraded the game from 0.32-a0-953-g508020473e to
                  | 0.32-a0-960-g3814254bd7
  7106 | D:8      | Killed a two-headed ogre
  7107 | D:8      | Reached skill level 10 in Hexes
  7635 | D:8      | Reached XP level 10. HP: 76/76 MP: 17/17
  7794 | D:8      | Reached *** piety under Wu Jian
  7795 | D:8      | Reached skill level 11 in Hexes
  8001 | D:8      | Reached skill level 5 in Spellcasting
  8175 | D:8      | Reached skill level 5 in Long Blades
  8239 | D:8      | Found a stormy altar of Qazlal.
  8314 | D:8      | Found a staircase to the Lair.
  8927 | D:9      | Found a shimmering altar of Xom.
  9086 | D:9      | Found Qexkorch's Book Shop.
  9145 | D:9      | Found a staircase to the Orcish Mines.
  9156 | D:9      | Reached **** piety under Wu Jian
  9162 | D:9      | Found Lotuwyoll's Weapon Shoppe.
  9709 | D:9      | Reached skill level 12 in Hexes
  9776 | D:10     | Entered Level 10 of the Dungeon
  9843 | D:10     | Reached skill level 10 in Stealth
 10505 | D:10     | Reached XP level 11. HP: 79/84 MP: 15/19
 11201 | D:11     | Noticed a two-headed ogre
 11206 | D:11     | Killed a two-headed ogre
 11358 | D:12     | Noticed a boulder beetle
 11363 | D:12     | Killed a boulder beetle
 11415 | D:12     | Identified the +0 scale mail of Sif Muna's Favour {rElec
                  | rPois Str+4}
 11494 | D:12     | HP: 3/87 [acid dragon/splash of acid (30)]
 11790 | D:12     | Slain by a gargoyle

Illustrated notes

Levels and vault maps discovered:
D:1:      erik_arrival_blinker_ship, layout_loops_ring
D:2:      layout_loops_ring
D:3:      layout_rooms, kennysheep_jessica_study, uniq_sigmund, uniq_grinder,
          uniq_jessica
D:4:      layout_rooms, chequers_temple_overflow_statue_of_worship,
          ebering_ghost_sewer_d, minmay_ogre_servants
D:5:      layout_basic, nicolae_elevator_lobby_plus
D:6:      layout_cave_pods, gammafunk_temple_overflow_elements,
          kennysheep_small_square
D:7:      layout_gridville, mainiacjoe_overflow_six_doors_small, temple_doors_e
D:8:      layout_rooms, lemuel_coloured_pillars_altar,
          erik_lair_orcish_takeover, special_room [special_room_orc],
          hangedman_decor_push
D:9:      layout_stronghold, mainiacjoe_overflow_chevrons, orc_david_3,
          serial_shops, nicolae_book_shop_shelving, hangedman_decor_slide_cut
D:10:     layout_basic
D:11:     layout_basic, nrook_guardian_serpent_double
D:12:     minmay_inside_and_out, layout_loops_ring, introduction_to_nature_2

Skill      XL: |  1  2  3  4  5  6  7  8  9 10 11 |
---------------+----------------------------------+-----
Hexes          | 5 6 7 9 10 12 | 12.0
Fighting       | 1 2 3 4 6 7 8 |  8.7
Stealth        | 5 6 7 8 10 11 | 11.3
Long Blades    | 1 2 3 4 5 6 |  6.7
Short Blades   | 2 3 |  3.3
Dodging        | 3 4 5 6 |  6.0
Spellcasting   | 3 4 5 6 |  6.4
Evocations     | 1 2 4 |  4.0

Action                     |  1- 3 |  4- 6 |  7- 9 | 10-12 || total
---------------------------+-------+-------+-------+-------++-------
  Melee: Dagger            |   154 |    76 |   184 |   240 ||   654
         Bite              |    13 |     7 |    20 |    22 ||    62
  Throw: Dart              |       |       |     1 |       ||     1
   Cast: Ensorcelled Hiber |     3 |    25 |    61 |    68 ||   157
         Confusing Touch   |       |     1 |    13 |    11 ||    25
         Tukima's Dance    |       |       |    11 |    11 ||    22
         Dazzling Flash    |       |       |     2 |     1 ||     3
Ability: Lunge             |       |     6 |    28 |    31 ||    65
         Whirlwind         |       |       |     3 |     9 ||    12
  Evoke: Wand              |       |       |     1 |     2 ||     3
    Use: Scroll            |       |       |    20 |     5 ||    25
         Potion            |       |       |     1 |       ||     1
   Stab: Sleeping          |    11 |    25 |    51 |    44 ||   131
         Confused          |       |     2 |    11 |     7 ||    20
         Invisible         |       |       |     3 |     1 ||     4
         Distracted        |       |       |       |     1 ||     1
 Armour: Robe              |    22 |       |       |       ||    22
         Leather armour    |    54 |    37 |   107 |   139 ||   337
  Dodge: Dodged            |    76 |    29 |   166 |   153 ||   424

Table legend: (Time is in decaauts)
 A = Elapsed time spent in this place.
 B = Non-inter-level travel time spent in this place.
 C = Inter-level travel time spent in this place.
 D = Time resting spent in this place.
 E = Time spent auto-exploring this place.
 F = Levels seen in this place.
 G = Mean time per level.
                   A        B        C        D        E       F      G
               +--------+--------+--------+--------+--------+-----+--------+
         Total |  11699 |  11133 |    566 |   1713 |   7243 |  12 |  974.9 |
       Dungeon |  11699 |  11133 |    566 |   1713 |   7243 |  12 |  974.9 |
               +--------+--------+--------+--------+--------+-----+--------+

Top non-repeatable levels by time:
     D:5: 1570 daAuts
     D:6: 1409 daAuts
     D:8: 1160 daAuts
     D:9: 1124 daAuts
     D:7: 1082 daAuts
    D:11: 915 daAuts
     D:4: 906 daAuts
     D:3: 891 daAuts
     D:1: 829 daAuts
    D:10: 773 daAuts
     D:2: 732 daAuts
    D:12: 303 daAuts
